 Dungeon Crawl Stone Soup version 0.21.1-72-gffa868e (webtiles) character file.

99 taaruk the Chopper (level 4, -12/41 HPs)
             Began as a Minotaur Berserker on Aug 5, 2018.
             Was a Believer of Trog.
             Mangled by contendunt's ghost (16 damage)
             ... on level 3 of the Dungeon.
             The game lasted 00:08:13 (1718 turns).

taaruk the Chopper (Minotaur Berserker)             Turns: 1718, Time: 00:08:14

Health: -12/41     AC:  4    Str: 23    XL:     4   Next: 45%
Magic:  3/3        EV: 12    Int:  4    God:    Trog [**....]
Gold:   143        SH:  0    Dex:  9    Spells: 3/3 levels left

rFire    . . .     SeeInvis .   a - +0 hand axe
rCold    . . .     Gourm    .   (no shield)
rNeg     . . .     Faith    .   i - +0 leather armour
rPois    .         Spirit   .   (helmet restricted)
rElec    .         Reflect  .   (no cloak)
rCorr    .         Harm     .   g - +0 pair of gloves
MR       .....                  (no boots)
Stlth    +.........             (no amulet)
HPRegen  0.13/turn              (no ring)
MPRegen  0.08/turn              (no ring)

@: hasted, very quick
A: retaliatory headbutt, horns 2
a: Berserk, Trog's Hand, Burn Spellbooks, Renounce Religion


You were on level 3 of the Dungeon.
You worshipped Trog.
Trog was pleased with you.
You were hungry.

You visited 1 branch of the dungeon, and saw 3 of its levels.

You collected 143 gold pieces.

Inventory:

Hand Weapons
 a - a +0 hand axe (weapon)
Armour
 b - a +0 animal skin
 g - a +0 pair of gloves (worn)
 h - a cursed +0 ring mail
 i - a +0 leather armour (worn)
 j - a +0 ring mail
Scrolls
 k - a scroll of immolation {unknown}
 l - 3 scrolls of remove curse {unknown}
 n - a scroll of enchant weapon {unknown}
 o - a scroll of teleportation {unknown}
 q - 4 scrolls of identify {unknown}
 r - a scroll of fog {unknown}
 t - a scroll of enchant armour {unknown}
Potions
 e - a potion of lignification {unknown}
 p - a potion of agility {unknown}
 s - a potion of cancellation {unknown}
Comestibles
 c - 3 rations
 m - a chunk of flesh


   Skills:
 + Level 4.4 Fighting
 + Level 4.9 Axes
 + Level 3.5 Armour
 + Level 2.5 Dodging
 + Level 0.1 Stealth


You had 3 spell levels left.
You didn't know any spells.

Dungeon Overview and Level Annotations

Branches:
Dungeon (3/15)

Altars:
Nemelex Xobeh

Annotations:
D:3 contendunt's ghost, amateur MiFi


Innate Abilities, Weirdness & Mutations

You reflexively headbutt those who attack you in melee.
You have a pair of horns on your head.


Message History

The worm bites you but does no damage.
You hit contendunt's ghost.
Contendunt's ghost is moderately damaged.
You hit the worm. Contendunt's ghost barely misses you.
You hit contendunt's ghost.
Your headbutt misses contendunt's ghost.
Contendunt's ghost is heavily damaged.
You hit the worm but do no damage.
You feel better. Contendunt's ghost hits you.
* * * LOW HITPOINT WARNING * * *
The worm closely misses you.
You slash contendunt's ghost!
Your headbutt misses contendunt's ghost.
Contendunt's ghost is heavily damaged.
You hit the worm. Contendunt's ghost barely misses you.
You furiously retaliate!
You headbutt contendunt's ghost.
You hit contendunt's ghost but do no damage.
Contendunt's ghost is heavily damaged.
You hit the worm. Contendunt's ghost hits you!
You die...

#.....# ##.##.##
#....?.....# #.##..#
#...<......# #.###.#
#....(....). #.# #.#
#........!.# #.# #.#
#..........# #.# #.#
##.......... #.# #.#
##.).w....... #.###.##
#...W@†.<...#
#......###...........#
#####.................
##.................
#................##
##......###.......#
###........########.#
###...#....#.# .#
........####.#


You could see a worm and contendunt's ghost.

Vanquished Creatures
  An orc priest (D:3)
  2 adders
  2 worms (D:3)
  A leopard gecko (D:1)
  4 orcs (D:3)
  3 giant cockroaches
  3 goblins (D:1)
  7 hobgoblins
  A quokka (D:3)
  5 bats
  4 frilled lizards
  3 kobolds
  6 rats
42 creatures vanquished.

Notes
Turn   | Place    | Note
-------+----------+-------------------------------------------
     0 | D:1      | taaruk the Minotaur Berserker began the quest for the Orb.
     0 | D:1      | Reached XP level 1. HP: 19/19 MP: 0/0
   228 | D:1      | Reached XP level 2. HP: 27/27 MP: 1/1
  1048 | D:2      | Reached XP level 3. HP: 32/33 MP: 2/2
  1579 | D:3      | Found a sparkling altar of Nemelex Xobeh.
  1618 | D:3      | Reached XP level 4. HP: 35/41 MP: 3/3
  1621 | D:3      | Reached ** piety under Trog
  1691 | D:3      | Noticed contendunt's ghost (amateur MiFi)
  1712 | D:3      | HP: 2/41 [contendunt's ghost (13)]
  1718 | D:3      | Mangled by contendunt's ghost

Skill      XL: |  1  2  3 |
---------------+----------+-----
Fighting       | 4 |  4.4
Axes           | 4 |  4.9
Armour         | 3 |  3.5
Dodging        | |  2.5
Stealth        | |  0.1

Action                   |  1- 3 |  4- 6 || total
-------------------------+-------+-------++-------
Melee: Hand axe          |    41 |    24 ||    65
       Headbutt          |     7 |     8 ||    15
Invok: Berserk           |     1 |       ||     1
       Trog's Hand       |       |     1 ||     1
  Use: Potion            |       |     3 ||     3
  Eat: Chunk             |     2 |     1 ||     3
Armor: Animal skin       |     2 |       ||     2
       Leather armour    |    14 |    12 ||    26
Dodge: Dodged            |    39 |    22 ||    61
